Match 40146808
Unlisted

Match 40146808
End
Pioneer Squad
Construct Infanterie Kompanie
Selects Terror Battlegroup
Selects Machine Gun Camouflage
MG 42 Machine Gun Team
MG 42 Machine Gun Team
Grenadier Squad
MG 42 Bunker
Grenadier Squad
GrW 34 Mortar Team
Harold Hoffmann
El Pollo
TheGhostPower55
Acey
Gabe_Real
Random_Target
Turtleboy
Humbarwhy
0
0

Comments sign in to comment!

No comments posted yet!